 Dungeon Crawl Stone Soup version 0.21-a0-264-g3e31e41 (webtiles) character file.

261 zane53102 the Slasher (level 5, -4/41 HPs)
             Began as a Demonspawn Gladiator on Sept 8, 2017.
             Slain by Natasha (6 damage)
             ... on level 4 of the Dungeon.
             The game lasted 00:17:47 (2649 turns).

zane53102 the Slasher (Demonspawn Gladiator)        Turns: 2649, Time: 00:17:49

Health: -4/41      AC: 11    Str: 19    XL:     5   Next: 96%
Magic:  5/5        EV:  9    Int: 10    God:
Gold:   92         SH:  0    Dex: 15    Spells: 4/4 levels left

rFire    . . .     SeeInvis .   a - +0 long sword
rCold    . . .     Gourm    .   (no shield)
rNeg     . . .     Faith    .   e - +0 chain mail
rPois    .         Spirit   .   c - +0 helmet
rElec    .         Reflect  .   (no cloak)
rCorr    .         Harm     .   (no gloves)
MR       .....                  (no boots)
Stlth    ..........             (no amulet)
HPRegen  0.13/turn              (no ring)
MPRegen  0.09/turn              (no ring)

@: mighty, slowed, very slow
A: talons 1, molten scales 1, powered by death 1, powered by pain 1
a: no special abilities


You were on level 4 of the Dungeon.
You were very full.

You visited 1 branch of the dungeon, and saw 4 of its levels.

You collected 92 gold pieces.

Inventory:

Hand Weapons
 a - a +0 long sword (weapon)
 f - a +0 spear
 g - a +0 mace
 h - a +0 short sword
 n - a +0 mace
 p - a +0 spear
 t - a +0 short sword
Missiles
 d - 3 throwing nets (quivered) {bat}
 v - 3 tomahawks
Armour
 b - a +0 leather armour
 c - a +0 helmet (worn)
 e - a +0 chain mail (worn)
 k - a +0 robe
 l - a +0 leather armour
 o - a +0 robe
Jewellery
 i - an uncursed ring of flight {unknown}
 r - an uncursed amulet of magic regeneration {unknown}
Scrolls
 j - a scroll of amnesia
 m - a scroll of noise {unknown}
 q - a scroll of random uselessness {unknown}
Books
 u - a Grand Grimoire

   Spells                             Type                      Level
   a - Monstrous Menagerie            Summoning                    7
   b - Summon Greater Demon           Summoning                    7
   c - Malign Gateway                 Summoning/Translocation      7
   d - Summon Horrible Things         Summoning                    8


   Skills:
 + Level 3.0 Fighting
 + Level 4.7 Long Blades
 + Level 1.9 Throwing
 + Level 1.9 Armour
 + Level 3.3 Dodging


You had 4 spell levels left.
You didn't know any spells.

Dungeon Overview and Level Annotations

Branches:
Dungeon (4/15)
 Temple: D:4-7

Altars:

Annotations:
D:4 Natasha; rin1221's ghost, amateur GrEE


Innate Abilities, Weirdness & Mutations

You have sharp toenails.
You are partially covered in molten scales. (AC +2)
You regenerate a little health from kills.
You sometimes gain a little power by taking damage.


Message History

The orc hits you but does no damage. Rin1221's ghost barely misses you.
Natasha claws you.
* * * LOW HITPOINT WARNING * * *
The white imp hits you but does no damage.
Rin1221's ghost hits you but does no damage.
Natasha claws you but does no damage. The orc hits you but does no damage.
The orc wizard gestures wildly while chanting.
The orc wizard blinks!
Natasha closely misses you.
You riposte.
You miss Natasha. Your kick misses Natasha. The white imp barely misses you.
The orc wizard gestures wildly while chanting.
The orc wizard blinks!
Natasha extends her claws.
Natasha mumbles some strange words.
Natasha claws you but does no damage. The white imp gestures at you.
The puff of frost hits you!
* * * LOW HITPOINT WARNING * * *
The orc wizard hits you but does no damage.
Natasha claws you.
You die...

....#...###...#
.............####
....###....ยง..#
#..#.....%..#
#........)..######
#.##...oo5...........
#......Wo5.....#.###.
##.#?.o#h5o....#...#
#.##..#.@...<...#.# .
#..###..####.# # .#
...) ##.... ... #.
#....# ###### ....
.....# #### ##...


You could see an orc wizard, Natasha, rin1221's ghost, 2 white imps, a shadow
imp and 3 orcs.

Vanquished Creatures
  An ogre (D:4)
  The ghost of Bargorn the Grave Robber, an amateur DENe (D:3)
  An orc wizard (D:2)
  3 gnolls (D:2)
  An adder (D:2)
  An ooze (D:1)
  An adder skeleton (D:4)
  7 orcs
  5 bats
  3 giant cockroaches
  2 goblins (D:3)
  2 hobgoblins (D:1)
  A frilled lizard (D:2)
  3 rats
32 creatures vanquished.

Notes
Turn   | Place    | Note
-------+----------+-------------------------------------------
     0 | D:1      | zane53102 the Demonspawn Gladiator began the quest for the Orb.
     0 | D:1      | Reached XP level 1. HP: 16/16 MP: 1/1
   654 | D:2      | Gained mutation: You are partially covered in molten scales. (AC +2) [demonic ancestry]
   654 | D:2      | Reached XP level 2. HP: 22/22 MP: 2/2
   702 | D:1      | Reached skill level 3 in Long Blades
   985 | D:2      | Gained mutation: You sometimes gain a little power by taking damage. [demonic ancestry]
   985 | D:2      | Reached XP level 3. HP: 21/27 MP: 3/3
  1257 | D:3      | Noticed Bargorn's ghost (amateur DENe)
  1262 | D:3      | Killed Bargorn's ghost
  1262 | D:3      | Reached skill level 4 in Long Blades
  1262 | D:3      | Gained mutation: You have sharp toenails. [demonic ancestry]
  1262 | D:3      | Reached XP level 4. HP: 4/34 MP: 4/4
  1785 | D:2      | Reached skill level 1 in Armour
  1785 | D:2      | Gained mutation: You regenerate a little health from kills. [demonic ancestry]
  1785 | D:2      | Reached XP level 5. HP: 24/39 MP: 5/5
  2614 | D:4      | Noticed an ogre
  2623 | D:4      | Killed an ogre
  2627 | D:4      | Noticed rin1221's ghost (amateur GrEE)
  2636 | D:4      | Noticed Natasha
  2649 | D:4      | HP: 2/41 [white imp/puff of frost[Natasha] (4)]
  2649 | D:4      | Slain by Natasha

Vault maps used:
D:1:      dpeg_arrival_morbid_curiosity
D:2:      chequers_ecumenical_altar_simple
D:3:      uniq_jessica
D:4:      first_bread, uniq_natasha

Skill      XL: |  1  2  3  4  5 |
---------------+----------------+-----
Long Blades    | 3 4 |  4.7
Dodging        | 3 |  3.3
Armour         | 1 |  1.9
Fighting       | 3 |  3.0
Throwing       | |  1.9

Action                   |  1- 3 |  4- 6 || total
-------------------------+-------+-------++-------
Melee: Long sword        |   113 |    37 ||   150
       Kick              |       |    11 ||    11
  Use: Scroll            |     3 |       ||     3
       Potion            |       |     1 ||     1
  Eat: Bread ration      |     1 |     1 ||     2
       Meat ration       |     1 |       ||     1
Armor: Chain mail        |   130 |    63 ||   193
       Leather armour    |     2 |       ||     2
Dodge: Dodged            |    90 |    41 ||   131
       Rpst.: Long sword |    30 |    13 ||    43

Table legend:
 A = Spawn XP
 B = Non-spawn XP
 C = Spawn XP percentage of total XP
 D = Spawn monster count
 E = Non-spawn monster count
 F = Spawn count percentage of total count
 G = Total turns spent on level
                    A         B        C        D         E        F      G
               +---------+---------+-------+---------+---------+-------+---------
         Total |       0 |     373 |   0.0 |       0 |      32 |   0.0 |  2649
               +---------+---------+-------+---------+---------+-------+---------
           D:1 |       0 |      19 |   0.0 |       0 |       8 |   0.0 |   694
           D:2 |       0 |     109 |   0.0 |       0 |      14 |   0.0 |  1105
           D:3 |       0 |     110 |   0.0 |       0 |       8 |   0.0 |   815
           D:4 |       0 |     135 |   0.0 |       0 |       2 |   0.0 |    35
               +---------+---------+-------+---------+---------+-------+---------
